 Dungeon Crawl Stone Soup version 0.29.0-4-gdea44cf6ec (webtiles) character file.

Game seed: 9729726777971961440

109 qw the Chopper (level 4, 0/26 HPs)
             Began as a Tengu Warper on Aug 28, 2022.
             Slain by an adder (2 damage)
             ... on level 3 of the Dungeon.
             The game lasted 00:00:13 (2612 turns).

qw the Chopper (Tengu Warper)                       Turns: 2612, Time: 00:00:13

Health: 0/26       AC:  3    Str: 14    XL:     4   Next: 90%
Magic:  8/8        EV: 12    Int: 13    God:
Gold:   135        SH:  0    Dex: 13    Spells: 7/7 levels left

rFire   . . .      SeeInvis .   Y - +0 hand axe
rCold   . . .      Faith    .   (no shield)
rNeg    . . .      Spirit   .   b - +0 leather armour
rPois   .          Reflect  .   (helmet restricted)
rElec   .          Harm     .   (no cloak)
rCorr   .          Rampage  .   (no gloves)
Will    .....                   (boots unavailable)
Stlth   +.........              (no amulet)
HPRegen 0.08/turn               (no ring)
MPRegen 0.11/turn               (no ring)

@: no status effects
A: beak, talons 3
a: no special abilities


You were on level 3 of the Dungeon.
You visited 1 branch of the dungeon, and saw 3 of its levels.

You collected 135 gold pieces.


Innate Abilities, Weirdness & Mutations

You have a beak for a mouth.
You have claws for feet.


   Skills:
 - Level 2.0 Fighting
 + Level 5.4 Axes
 - Level 1.0 Throwing
 - Level 1.1 Armour
 - Level 2.1 Dodging
 - Level 2.0 Spellcasting
 - Level 2.4 Translocations


You had 7 spell levels left.
You didn't know any spells.
Your spell library contained the following spells:

 Spells                   Type           Power      Damage    Failure   Level
 Blink                    Tloc           14%        N/A       19%         2
 Gell's Gravitas          Tloc           7%         N/A       34%         3
 Lesser Beckoning         Tloc           7%         N/A       34%         3
 Teleport Other           Tloc           7%         N/A       34%         3
 Manifold Assault         Tloc           7%         N/A       97%         5

Inventory:

Hand Weapons
 c - a +0 flail
 f - a +0 mace
 Y - a +0 hand axe (weapon)
Armour
 b - a +0 leather armour (worn)
Scrolls
 e - a scroll of identify
Potions
 a - a potion of ambrosia {unknown}
 d - a potion of attraction {unknown}
 g - a potion of resistance {unknown}

Dungeon Overview and Level Annotations

Branches:
Dungeon (3/15)

Altars:


Message History

You kill the orc priest!
You hit the rat but do no damage. You closely miss the adder.
You feel sick. The adder barely misses you. The rat completely misses you.
The adder bites you.
Your Axes skill increases to level 5!
You hit the adder but do no damage.
The adder is lightly wounded.
You closely miss the rat.
You feel sick. The rat barely misses you. The adder closely misses you.
You closely miss the adder. Your kick misses the adder.
The adder is lightly wounded.
You hit the rat but do no damage.
You feel sick. The adder barely misses you. The rat closely misses you.
You closely miss the adder. Your kick misses the adder.
The adder is lightly wounded.
You hit the rat but do no damage.
You feel sick. The adder bites you but does no damage. The rat bites you.
The adder misses you.
You hit the adder.
The adder is moderately wounded.
You hit the rat.
You kill the rat!
You feel sick. The adder bites you but does no damage.
You slash the adder!
You kill the adder!
You feel sick.
An adder comes into view.
You feel sick.
You are no longer poisoned.
The adder hisses angrily.
2609 ||| Stepping ~*~*~tactically~*~*~ (stealth).
You see here an adder corpse.
2610 ||| Stepping ~*~*~tactically~*~*~ (stealth).
The rat twitches its whiskers.
You closely miss the rat. The rat closely misses you.
You miss the adder. You barely miss the rat.
The orc shouts!
You hear a shout!
The rat bites you but does no damage. The adder bites you.
You die...

......### #......^.
........# .........
......#.## #..o.....
.......<.######..o.....
.................o.....
..........##........o..
......##......#)##...#o
###.## #....>.#S#


o.o #. #......#@# # # #.<......r.# #..........# ###.:.?...... #............
#.............# #.............# .........!..... You could see an adder, 2 orcs
and a rat.

Vanquished Creatures
  An orc priest (D:3)
  3 adders
  A gnoll (D:1)
  An orc (D:3)
  4 ball pythons (D:2)
  4 endoplasms
  6 goblins
  3 hobgoblins
  4 jackals (D:1)
  2 quokkas (D:1)
  2 bats
  A frilled lizard (D:2)
  4 kobolds
  5 rats
41 creatures vanquished.

Notes
Turn   | Place    | Note
-------+----------+-------------------------------------------
     0 | D:1      | qw the Tengu Warper began the quest for the Orb.
     0 | D:1      | Reached XP level 1. HP: 12/12 MP: 4/4
     0 | D:1      | 0 ||| qw: Version: 0.1-a-89-g26bdef1
     0 | D:1      | 0 ||| qw: Game counter: 1134
     0 | D:1      | 0 ||| qw: Always use a shield: true
     0 | D:1      | 0 ||| qw: God list: Okawaru
     0 | D:1      | 0 ||| qw: Allow faded altars: false
     0 | D:1      | 0 ||| qw: Do Orc after D:15 true
     0 | D:1      | 0 ||| qw: Do second Lair branch before Depths: true
     0 | D:1      | 0 ||| qw: Lair rune preference: random
     0 | D:1      | 0 ||| qw: Plans: Normal
     0 | D:1      | 0 ||| PLANNING D:1-11
   197 | D:1      | 197 ||| Stepping ~*~*~tactically~*~*~ (stealth).
   198 | D:1      | 198 ||| Stepping ~*~*~tactically~*~*~ (stealth).
   200 | D:1      | Reached XP level 2. HP: 17/17 MP: 6/6
   201 | D:1      | 201 ||| Stepping ~*~*~tactically~*~*~ (stealth).
   202 | D:1      | 202 ||| Stepping ~*~*~tactically~*~*~ (stealth).
   212 | D:1      | Reached skill level 3 in Axes
   285 | D:1      | 285 ||| Stepping ~*~*~tactically~*~*~ (stealth).
   613 | D:1      | Reached XP level 3. HP: 7/21 MP: 7/7
  1044 | D:1      | You fall into a shaft and drop 1 floor!
  1055 | D:2      | 1055 ||| READING scroll labelled JAS MIPLYELIPH.
  1056 | D:2      | 1056 ||| DROPPING scroll of blinking.
  1340 | D:2      | 1340 ||| Stepping ~*~*~tactically~*~*~ (stealth).
  1345 | D:2      | Reached skill level 4 in Axes
  1354 | D:2      | 1354 ||| FLEEEEING.
  1456 | D:2      | 1456 ||| Stepping ~*~*~tactically~*~*~ (stealth).
  1457 | D:2      | 1457 ||| Stepping ~*~*~tactically~*~*~ (stealth).
  1813 | D:2      | Found a faded altar of an unknown god.
  1873 | D:2      | Reached XP level 4. HP: 8/26 MP: 8/8
  1874 | D:2      | HP: 6/26 [poisoned by an adder]
  2566 | D:2      | 2566 ||| READING scroll labelled ZADYNANLOT.
  2567 | D:2      | 2567 ||| READING scroll labelled WOEVAO DECLO.
  2586 | D:3      | 2586 ||| Stepping ~*~*~tactically~*~*~ (stealth).
  2587 | D:3      | 2587 ||| Stepping ~*~*~tactically~*~*~ (stealth).
  2588 | D:3      | 2588 ||| Stepping ~*~*~tactically~*~*~ (stealth).
  2589 | D:3      | 2589 ||| Stepping ~*~*~tactically~*~*~ (stealth).
  2590 | D:3      | 2590 ||| Stepping ~*~*~tactically~*~*~ (stealth).
  2592 | D:3      | 2592 ||| Stepping ~*~*~tactically~*~*~ (stealth).
  2593 | D:3      | 2593 ||| Stepping ~*~*~tactically~*~*~ (stealth).
  2594 | D:3      | 2594 ||| Stepping ~*~*~tactically~*~*~ (stealth).
  2595 | D:3      | 2595 ||| Stepping ~*~*~tactically~*~*~ (hiding).
  2603 | D:3      | Reached skill level 5 in Axes
  2605 | D:3      | HP: 6/26 [poisoned by an orc priest]
  2608 | D:3      | HP: 2/26 [poisoned by an orc priest]
  2609 | D:3      | 2609 ||| Stepping ~*~*~tactically~*~*~ (stealth).
  2610 | D:3      | 2610 ||| Stepping ~*~*~tactically~*~*~ (stealth).
  2612 | D:3      | Slain by an adder

Levels and vault maps discovered:
D:1:      tarquinn_simple_flora_water_f, layout_basic
D:2:      layout_loops_ring, hellmonk_ecumenical_altar_lost_god
D:3:      layout_rooms

Skill      XL: |  1  2  3  4 |
---------------+-------------+-----
Axes           | 3 4 5 |  5.4
Fighting       | |  2.0
Throwing       | |  1.0
Armour         | |  1.1
Dodging        | |  2.1
Spellcasting   | |  2.0
Translocations | |  2.4

Action                   |  1- 3 |  4- 6 || total
-------------------------+-------+-------++-------
Melee: Hand axe          |    79 |    24 ||   103
       Peck              |    10 |     3 ||    13
       Kick              |    17 |     1 ||    18
Throw: Boomerang         |     7 |       ||     7
  Use: Scroll            |     1 |     2 ||     3
Armor: Leather armour    |    18 |     7 ||    25
Dodge: Dodged            |    43 |    19 ||    62

Table legend:
 A = Non-vault XP
 B = Vault XP
 C = Vault XP percentage of total XP
 D = Non-vault monster count
 E = Vault monster count
 F = Vault count percentage of total count
                 A         B        C        D         E       F
            +---------+---------+-------+---------+---------+-------
      Total |     157 |       0 |   0.0 |      41 |       0 |   0.0
            +---------+---------+-------+---------+---------+-------
        D:1 |      42 |       0 |   0.0 |      17 |       0 |   0.0
        D:2 |      57 |       0 |   0.0 |      20 |       0 |   0.0
        D:3 |      58 |       0 |   0.0 |       4 |       0 |   0.0
            +---------+---------+-------+---------+---------+-------
